 Dungeon Crawl Stone Soup version 0.30-a0-341-g682706514a (webtiles) character file.

Game seed: 8835510315788635535

46 Harunobu the Stinger (level 3, -2/21 HPs)
             Began as an Octopode Venom Mage on Oct 31, 2022.
             Slain by a phantom (5 damage)
             ... on level 2 of the Dungeon.
             The game lasted 00:05:13 (1693 turns).

Harunobu the Stinger (Octopode Venom Mage)          Turns: 1693, Time: 00:05:13

Health: -2/21      AC:  1    Str:  9    XL:     3   Next: 68%
Magic:  6/6        EV: 13    Int: 17    God:
Gold:   48         SH:  0    Dex: 12    Spells: 3/6 levels left

rFire   . . .      SeeInvis .    (no weapon)
rCold   . . .      Faith    .    (no shield)
rNeg    . . .      Spirit   .    (helmet restricted)
rPois   .          Reflect  .    (no amulet)
rElec   .          Harm     .    (no ring)
rCorr   .          Rampage  .    (no ring)
Will    .....                    (no ring)
Stlth   +++.......               (no ring)
HPRegen 0.23/turn                (no ring)
MPRegen 0.10/turn                (no ring)
                                 (no ring)
                                 (no ring)

@: no status effects
A: almost no armour, amphibious, 8 rings, camouflage 1, gelatinous body 1,
(nimble swimmer 1), tentacles
a: no special abilities


You were on level 2 of the Dungeon.
You visited 1 branch of the dungeon, and saw 2 of its levels.

You collected 48 gold pieces.

Inventory:

Scrolls
 b - a scroll of fear {unknown}
 c - 2 scrolls of teleportation {unknown}
 d - 2 scrolls of identify
 e - a scroll of silence {unknown}
 f - 2 scrolls of poison {unknown}
Potions
 a - a potion of magic
 g - a potion of cancellation {unknown}
 h - a potion of curing {unknown}
 i - 2 potions of mutation


   Skills:
 + Level 2.4 Dodging
 + Level 3.4 Stealth
 + Level 2.4 Spellcasting
 + Level 1.6 Transmutations
 + Level 4.0 Poison Magic


You had 3 spell levels left.
You knew the following spells:

 Your Spells              Type           Power      Damage    Failure   Level
a - Sting                 Tmut/Pois      44%        1d5       6%          1
b - Poisonous Vapours     Pois/Air       16%        N/A       12%         2

Your spell library contained the following spells:

 Spells                   Type           Power      Damage    Failure   Level
 Mephitic Cloud           Conj/Pois/Air  6%         N/A       32%         3
 Olgreb's Toxic Radiance  Pois           15%        N/A       34%         4


Dungeon Overview and Level Annotations

Branches:
Dungeon (2/15)

Altars:
Nemelex Xobeh

Shops:
D:2 ?


Innate Abilities, Weirdness & Mutations

You cannot wear most types of armour.
You are amphibious.
You can wear up to eight rings at the same time.
Your skin changes colour to match your surroundings (Stealth+).
Your rubbery body absorbs attacks. (AC +1, EV +1)
((You are camouflaged when in or above water. (Stealth+)))
You have tentacles for arms and can constrict up to eight enemies at once.


Message History

You can't see any susceptible monsters within range! (Use Z to cast anyway.) Unknown command.
Casting: Sting (safe; 6% risk of failure)
Confirm with . or Enter, or press ? or * to list all spells.
You can't see any susceptible monsters within range! (Use Z to cast anyway.)
Casting: Sting (safe; 6% risk of failure)
Confirm with . or Enter, or press ? or * to list all spells.
Aiming: Sting (safe; 6% risk of failure)
Press: ? - help, Shift-Dir - straight line, f - phantom
Aim: a phantom (60% to hit)
The sting hits the phantom.
The phantom partially resists.
The phantom is lightly damaged.
Casting: Sting (safe; 6% risk of failure)
Confirm with . or Enter, or press ? or * to list all spells.
You can't see any susceptible monsters within range! (Use Z to cast anyway.) Unknown command.
Unknown command.
The phantom hits you. The phantom attacks as you move away!
The phantom hits you.
You miss the phantom. The phantom barely misses you.
You barely miss the phantom. Your squeeze misses the phantom.
The phantom hits you.
You closely miss the phantom. The phantom completely misses you.
The phantom attacks as you move away! The phantom closely misses you.
There is a stone staircase leading up here.
The phantom hits you.
The phantom blinks!
You blink.
You stop ascending the stairs.
The phantom attacks as you move away! The phantom misses you.
The phantom attacks as you move away! The phantom hits you.
The phantom attacks as you move away! The phantom closely misses you.
The phantom attacks as you move away! The phantom hits you.
The phantom attacks as you move away! The phantom completely misses you.
The phantom attacks as you move away! The phantom hits you.
The phantom attacks as you move away! The phantom hits you.
* * * LOW HITPOINT WARNING * * *
As you read the scroll labelled TADDAI ZAUCAULA, it crumbles to dust.
It is a scroll of identify.
i - 2 potions of mutation The phantom hits you.
You die...

#####..).#.................#..
###..........#...####...........
#...#........###..###.#######...
#..........>..###...#.#######...
#................##.....#....#..
#..._.................#.#....##.
##...........###.####........###
#.....##>...###.####.#......###
##########...W@....#.##........
#.........#.###.......
#.........#.# #.......
#.........#.# #.....##
#.........#.# #.......
#.#########.# #....... #รท# #.#
#....... #.# ........ #..#
#.##.....


You could see a phantom.

Vanquished Creatures
  A worm (D:2)
  4 ball pythons (D:1)
  3 bats
  4 endoplasms (D:1)
  2 giant cockroaches (D:1)
  3 goblins
  4 hobgoblins
  5 jackals
  2 kobolds
  5 quokkas
  A frilled lizard (D:1)
  2 rats (D:1)
36 creatures vanquished.

Notes
Turn   | Place    | Note
-------+----------+-------------------------------------------
     0 | D:1      | Harunobu the Octopode Venom Mage began the quest for the
                  | Orb.
     0 | D:1      | Reached XP level 1. HP: 11/11 MP: 3/3
   182 | D:1      | Reached XP level 2. HP: 17/17 MP: 0/5
   782 | D:1      | Reached XP level 3. HP: 21/21 MP: 0/6
   982 | D:1      | Reached skill level 4 in Poison Magic
  1260 | D:2      | Found a sparkling altar of Nemelex Xobeh.
  1470 | D:2      | Found Vytrar's Magic Scroll Shop.
  1566 | D:2      | Noticed a phantom
  1638 | D:2      | Learned a level 2 spell: Poisonous Vapours
  1693 | D:2      | Slain by a phantom

Illustrated notes

Levels and vault maps discovered:
D:1:      wander_arrival_chamber, layout_loops_ring
D:2:      layout_rooms, serial_shops, nicolae_diamond_shop, basic_altar

Skill      XL: |  1  2  3 |
---------------+----------+-----
Stealth        | 3 |  3.4
Poison Magic   | 4 |  4.0
Dodging        | |  2.4
Spellcasting   | |  2.4
Transmutations | |  1.6

Action                   || total
-------------------------++-------
Melee: Unarmed           ||     5
       Tentacles         ||     2
       Constrict         ||     1
 Cast: Sting             ||    68
  Use: Scroll            ||     1
Armor: Skin              ||     2
Dodge: Dodged            ||    43

Table legend: (Time is in decaauts)
 A = Elapsed time spent in this place.
 B = Non-inter-level travel time spent in this place.
 C = Inter-level travel time spent in this place.
 D = Time resting spent in this place.
 E = Time spent auto-exploring this place.
 F = Levels seen in this place.
 G = Mean time per level.
                   A        B        C        D        E       F      G
               +--------+--------+--------+--------+--------+-----+--------+
         Total |   1692 |   1647 |     45 |    614 |    613 |   2 |  846.0 |
       Dungeon |   1692 |   1647 |     45 |    614 |    613 |   2 |  846.0 |
               +--------+--------+--------+--------+--------+-----+--------+

Top non-repeatable levels by time:
     D:1: 1200 daAuts
     D:2: 492 daAuts
